 Dungeon Sprint DCSS version 0.26.1-11-gd32895ea62 (webtiles) character file.

Game seed: 5624278370333963748

155 Zeld the Slasher (level 5, -10/41 HPs)
             Began as a Demonspawn Abyssal Knight on June 8, 2021.
             Was a Priest of Lugonu.
             Mangled by Sigmund
             ... wielding a +4 scythe of protection
              (20 damage)
             ... in the Dungeon (Sprint V: "Ziggurat Sprint").
             The game lasted 00:02:11 (607 turns).

Zeld the Slasher (Demonspawn Abyssal Knight)         Turns: 607, Time: 00:02:12

Health: -10/41     AC:  0    Str: 14    XL:     5   Next: 14%
Magic:  0/6        EV: 18    Int: 13    God:    Lugonu [***...]
Gold:   0          SH:  0    Dex: 17    Spells: 4/4 levels left

rFire    . . .     SeeInvis .     - Unarmed
rCold    . . .     Faith    .   (shield currently unavailable)
rNeg     . . .     Spirit   +   (armour currently unavailable)
rPois    .         Reflect  .   (helmet currently unavailable)
rElec    .         Harm     .   (cloak currently unavailable)
rCorr    .         Rampage  .   (gloves currently unavailable)
Will     .....     NoTele   +   (boots currently unavailable)
Stlth    ++........             (no amulet)
HPRegen  0.13/turn              (ring currently unavailable)
MPRegen  0.10/turn              (ring currently unavailable)

@: bat-form, flying, very quick
A: tiny, magic shield
a: Stop Flying, Renounce Religion, Bend Space, Banish


You were in the Dungeon.
You worshipped Lugonu.
Lugonu was most pleased with you.
You were in bat-form.
You visited 1 branch

Inventory:

Hand Weapons
 j - a +5 demon blade (melded)
Armour
 h - a +5 crystal plate armour (melded)
 i - a +3 tower shield (melded)
 z - a +2 pair of boots of stealth (melded)
Jewellery
 w - a +6 ring of strength (melded)
 x - a +6 ring of strength (melded)
Wands
 t - a wand of disintegration (7)
 u - a wand of iceblast (7)
 v - a wand of acid (7)
Scrolls
 a - 4 scrolls of amnesia
 g - 4 scrolls of blinking
 k - 7 scrolls of fog
 l - 5 scrolls of identify
 m - 5 scrolls of remove curse
 n - 2 scrolls of fear
Potions
 b - 10 potions of curing
 c - 10 potions of heal wounds
 d - 6 potions of haste
 e - 7 potions of magic
 f - 3 potions of berserk rage
 o - 2 potions of brilliance
 p - 2 potions of invisibility
 q - 4 potions of resistance
 r - a potion of experience
 s - 5 potions of might
Miscellaneous
 y - a lightning rod (4/4)
 A - a phantom mirror


   Skills:
 - Level 3.0 Fighting
 * Level 6.6 Long Blades
 - Level 1.7 Armour
 - Level 0.8 Dodging
 * Level 6.6 Shields
 - Level 1.7 Unarmed Combat
 - Level 2.4 Invocations


You had 4 spell levels left.
You didn't know any spells.
Your spell library was empty.

Dungeon Overview and Level Annotations

Branches:
Dungeon (1/1)

Altars:
Ashenzari
Cheibriados
Dithmenos
Elyvilon
Fedhas
Gozag
Hepliaklqana
Kikubaaqudgha
Makhleb
Nemelex Xobeh
Okawaru
Qazlal
Ru
Sif Muna
Trog
Uskayaw
Vehumet
Wu Jian
Xom
Yredelemnul
Zin
The Shining One
Beogh
Jiyva
Lugonu

Annotations:
D 1 transporter, Blork the orc, Jessica, Sigmund


Innate Abilities, Weirdness & Mutations

((You have large cloven feet.))
((You are mostly covered in slimy green scales. (AC +3)))
When hurt, damage is shared between your health and your magic reserves.


Message History

Your +5 demon blade melds into your body.
Your +2 pair of boots of stealth melds into your body.
Your +3 tower shield melds into your body.
Your +5 crystal plate armour melds into your body.
Your +6 ring of strength melds into your body. x2
You feel less stealthy.
You feel weaker. x2
You hit Blork the orc but do no damage.
Blork the orc is severely wounded.
Jessica hits you but does no damage. Something hits you!
Blork the orc looks braver for a moment.
Jessica barely misses you.
Unknown command.
You completely miss Blork the orc.
Blork the orc is severely wounded.
Blork the orc casts a spell at you. The puff of flame hits you!
Jessica hits you with a +0 club.
* * * LOW HITPOINT WARNING * * *
Something hits you!!
You die...

▓▓▓▓▓▓▓▓▓▓▓▓▓▓▓▓▓▓▓
▓.8©8.▓.8©8.▓.8©8.▓
▓.)"}.▓.)=).▓.....▓
▓..=..▓.....▓.....▓
▓..{..▓.....▓.....▓
▓..)o.▓.....▓..†..▓
▓..b..▓.....▓..©..▓
▓..©@.▓..©..▓▓▓▓▓▓▓
▓▓▓▓▓▓▓▓▓▓▓▓▓


You could see Blork the orc and Jessica (fast).

Vanquished Creatures
  A necrophage (D)
  A quasit (D)
  Crazy Yiuf (D)
  A white imp (D)
  An ufetubus (D)
  A bat skeleton (D)
6 creatures vanquished.

Notes
Turn   | Place    | Note
-------+----------+-------------------------------------------
     0 | D        | Zeld the Demonspawn Abyssal Knight began the quest for the
                  | Orb.
     0 | D        | Reached XP level 1. HP: 18/18 MP: 2/2
     3 | D        | Found a blossoming altar of Fedhas.
     4 | D        | Found the +6 Majin-Bo {vamp, MP+6 Int+6}
     4 | D        | Found the +9 heavy crossbow "Sniper" {vorpal, Acc+∞ SInv}
     4 | D        | Found the +10 dark maul {vorpal}
     4 | D        | Found the +15 Maxwell's patent armour {-Cast -Tele rElec
                  | Will+ rCorr}
     4 | D        | Found the +18 shield of the Gong {rElec rN+ Will+ EV-5}
     4 | D        | Found the cursed +14 obsidian axe {vorpal, +Fly SInv
                  | *Curse}
     4 | D        | Found the +7 great mace "Firestarter" {inner flame, rF++}
     4 | D        | Found the +6 shillelagh "Devastator" {shatter}
     4 | D        | Found the +11 plutonium sword {*Contam Stlth-}
     4 | D        | Found the +8 lance "Wyrmbane" {slay drac, rPois rF+ rC+
                  | AC+3}
     4 | D        | Found the +9 sword of Zonguldrok {reap}
     4 | D        | Found the cursed +13 scythe of Curses {drain, *Curse}
     4 | D        | Found the +5 sword of Power {vorpal}
     4 | D        | Found the +7 mace of Variability {chain chaos}
     4 | D        | Found the +7 Singing Sword {vorpal, sonic wave}
     4 | D        | Found the +8 storm bow {elec, penet}
     4 | D        | Found a viscous altar of Jiyva.
     4 | D        | Found a hazy altar of Hepliaklqana.
     4 | D        | Found a transporter.
     4 | D        | Found an opulent altar of Gozag.
     4 | D        | Found an ancient bone altar of Kikubaaqudgha.
     4 | D        | Found a corrupted altar of Lugonu.
    38 | D        | Found a burning altar of Makhleb.
    39 | D        | Found an iron altar of Okawaru.
    39 | D        | Found a stormy altar of Qazlal.
    39 | D        | Found a sparkling altar of Nemelex Xobeh.
    39 | D        | Found a sacrificial altar of Ru.
    39 | D        | Found a shimmering blue altar of Sif Muna.
    79 | D        | Found a bloodstained altar of Trog.
   242 | D        | Entered arena 2.
   242 | D        | Noticed a necrophage
   242 | D        | Found a transporter.
   248 | D        | Killed a necrophage
   249 | D        | Reached skill level 5 in Long Blades
   249 | D        | Reached skill level 5 in Shields
   249 | D        | Gained mutation: You have large cloven feet. [demonic
                  | ancestry]
   249 | D        | Reached XP level 2. HP: 24/24 MP: 3/3
   249 | D        | Gained mutation: You are partially covered in slimy green
                  | scales. (AC +2) [demonic ancestry]
   249 | D        | Reached XP level 3. HP: 29/29 MP: 4/4
   249 | D        | Gained mutation: When hurt, damage is shared between your
                  | health and your magic reserves. [demonic ancestry]
   249 | D        | Reached XP level 4. HP: 35/35 MP: 5/5
   249 | D        | Reached ** piety under Lugonu
   441 | D        | Entered arena 3.
   441 | D        | Found a transporter.
   465 | D        | Got the ring "Winwyo" {+Blink +Inv rPois rN+ Will-}
   597 | D        | Entered arena 4.
   597 | D        | Noticed Sigmund
   597 | D        | Noticed Jessica
   597 | D        | Noticed Blork the orc
   597 | D        | Noticed Crazy Yiuf
   597 | D        | Found a transporter.
   602 | D        | Killed Crazy Yiuf
   602 | D        | Reached *** piety under Lugonu
   603 | D        | Gained mutation: You are mostly covered in slimy green
                  | scales. (AC +3) [demonic ancestry]
   603 | D        | Reached XP level 5. HP: 41/41 MP: 6/6
   607 | D        | Mangled by Sigmund

Illustrated notes

Levels and vault maps discovered:
D:        sprint_v [room_start, room_1, room_2, room_3, room_4, room_5, room_6,
          room_7, room_8, room_9, room_10, room_11, room_12, room_13, room_14,
          room_15, room_16, room_17, room_18, room_19, room_20, room_21,
          room_22, room_23, room_24, room_25, room_26, room_27]

Skill      XL: |  1  2  3  4 |
---------------+-------------+-----
Long Blades    | 5 6 |  6.6
Shields        | 5 6 |  6.6
Fighting       | |  3.0
Armour         | |  1.7
Dodging        | |  0.8
Unarmed Combat | |  1.7
Invocations    | |  2.4

Action                   |  1- 3 |  4- 6 || total
-------------------------+-------+-------++-------
Melee: Demon blade       |     6 |    26 ||    32
       Unarmed           |       |     2 ||     2
Armor: Crystal plate arm |    17 |    73 ||    90
Dodge: Dodged            |       |     3 ||     3
Block: Tower shield      |    14 |    57 ||    71
